Workbook

Sheet No Overallocation Calc
A9: Quote Date | B9: =TODAY() -> 46315
A10: Full Product Name | B10: Absa Capital Protected Twin Win Return-Issue 12
A11: Investor Type | B11: Individual Investor
A12: Product Issuer | B12: Absa Bank Limited
A13: Reference Entity | B13: Goldman Sachs Finance Corp International Ltd, Jersey, JE4 8PX
A14: Product Insurer | B14: Abs Life Limited
A15: Gross Investment Amount | B15: 100000
A16: Term (years) | B16: 5
A17: Index Name | B17: Solactive Global Multi-Asset ETF portfolio 5% VT ZAR FX Hedged Index
A19: Product Details
A20: Gross Investment Amount Allocation | B20: 1
A21: Gross Investment Amount (R's) | B21: =B15*B20 -> 100000
A22: Investment Open Date | B22: 46316
A23: Investment Close Date | B23: 46322
A24: Investment Start Date | B24: 46328
A25: Index Strike Date | B25: =B24 -> 46328
A26: Investment Maturity Date | B26: 48155
A28: Financial Adviser Details
A33: Digital Strike | B33: 1.1
A34: Digital Return 1 (%) | B34: 0.3929
A35: Digital Return 2 (%) | B35: 0.3256
A38: Investment Maturity Date | B38: =B26 -> 48155
A39: Index Performance>= 110% | B39: Yes | C39: No
A40: Index Performance | B40: 0.1 | C40: -0.1
A41: Digital Return (%) | B41: =IF(B39="No","32.56%","39.29%") -> 39.29% | C41: =IF(C39="No","32.56%","39.29%") -> 32.56%
A42: Investment Return (R's) | B42: =B21*B34 -> 39290 | C42: =B21*B35 -> 32560
A43: Final Investment Amount (R's) | B43: =SUM(B15,B42) -> 139290 | C43: =SUM(B15,C42) -> 132560
A47: Upfront Fees Priced in
B48: Excl VAT | C48: VAT | D48: Incl VAT
A49: Financial Adviser Fee | B49: 0.03 | C49: =B49*15% -> 0.0045 | D49: =SUM(B49:C49) -> 0.0345
A50: Administration Fee | B50: 0.03 | C50: =B50*15% -> 0.0045 | D50: =SUM(B50:C50) -> 0.0345
A51: Insurer Fee | B51: 0.005 | C51: 0 | D51: =SUM(B51:C51) -> 0.005
A52: Total Fees % | B52: =SUM(B49:B50) -> 0.06 | C52: =SUM(C49:C50) -> 0.009 | D52: =SUM(D49:D51) -> 0.074
A54: All highlighted in orange can be edited*

Sheet OverAllocation Calc
A9: Quote Date | B9: =TODAY() -> 46315
A10: Full Product Name | B10: ='No Overallocation Calc'!B10 -> Absa Capital Protected Twin Win Return-Issue 12
A11: Investor Type | B11: Individual Investor
A12: Product Issuer | B12: Absa Bank Limited
A13: Reference Entity | B13: Goldman Sachs Finance Corp International Ltd, Jersey, JE4 8PX
A14: Product Insurer | B14: Abs Life Limited
A15: Initial Gross Investment Amount | B15: 100000
A16: Gross Investment Amount after Fees Overallocation | B16: =SUM(B15,F50) -> 102300
A17: Total Shares | B17: =B16/1000 -> 102.3
A18: Total Shares (rounded down to the nearest whole number) | B18: =INT(B17) -> 102
A19: Final Gross Investment Amount | B19: =B18*1000 -> 102000
A20: Term (years) | B20: 5
A21: Index Name | B21: Solactive Global Multi-Asset ETF portfolio 5% VT ZAR FX Hedged Index
A23: Product Details
A24: Gross Investment Amount Allocation | B24: 1
A25: Gross Investment Amount (R's) | B25: =B19*B24 -> 102000
A26: Investment Open Date | B26: ='No Overallocation Calc'!B22 -> 46316
A27: Investment Close Date | B27: ='No Overallocation Calc'!B23 -> 46322
A28: Investment Start Date | B28: ='No Overallocation Calc'!B24 -> 46328
A29: Index Strike Date | B29: ='No Overallocation Calc'!B25 -> 46328
A30: Investment Maturity Date | B30: ='No Overallocation Calc'!B26 -> 48155
A31: Digital Strike | B31: 1.1
A32: Digital Return 1 (%) | B32: ='No Overallocation Calc'!B34 -> 0.3929
A33: Digital Return 2 (%) | B33: ='No Overallocation Calc'!B35 -> 0.3256
A36: Investment Maturity Date | B36: =B30 -> 48155
A37: Index Performance>= 110% | B37: Yes | C37: No
A38: Index Performance | B38: 0.1 | C38: -0.1
A39: Digital Return (%) | B39: =IF(B37="No","32.56%","39.29%") -> 39.29% | C39: =IF(C37="No","32.56%","39.29%") -> 32.56%
A40: Investment Return (R's) | B40: =B25*B32 -> 40075.8 | C40: =B25*B33 -> 33211.2
A41: Final Investment Amount (R's) | B41: =SUM(B25,B40) -> 142075.8 | C41: =SUM(C40,B25) -> 135211.2
A45: Upfront Fees Priced in
B46: Excl VAT | C46: VAT | D46: Incl VAT | E46: Overallocated Fee | F46: Total Overallocated Amount
A47: Financial Adviser Fee | B47: 0.01 | C47: =B47*15% -> 0.0015 | D47: =SUM(B47:C47) -> 0.0115 | E47: =3.45%-D47 -> 0.023 | F47: =E47*B15 -> 2300
A48: Administration Fee | B48: 0.03 | C48: =B48*15% -> 0.0045 | D48: =SUM(B48:C48) -> 0.0345
A49: Insurer Fee | B49: 0.005 | C49: 0 | D49: =SUM(B49:C49) -> 0.005
A50: Total Fees % | B50: =SUM(B47:B48) -> 0.04 | C50: =SUM(C47:C48) -> 0.006 | D50: =SUM(D47:D49) -> 0.051 | F50: =SUM(F47:F48) -> 2300
A52: All highlighted in orange can be edited*

Sheet Additional Information

Sheet Disclaimer
